 Dungeon Crawl Stone Soup version 0.31.0-12-g77e489cdc1 (webtiles) character file.

Game seed: 8711331431633128529

301 Tiocfaidh the Conjurer (level 6, 0/47 HPs)
             Began as a Minotaur Conjurer on Feb 24, 2024.
             Slain by a starcursed mass (7 damage)
             ... on level 1 of the Abyss.
             The game lasted 00:26:11 (3485 turns).

Tiocfaidh the Conjurer (Minotaur Conjurer)          Turns: 3485, Time: 00:26:12

Health: 0/47       AC:  3    Str: 16    XL:     6   Next: 14%
Magic:  8/8        EV: 12    Int: 17    God:
Gold:   129        SH:  0    Dex:  9    Spells: 3/9 levels left

rFire   . . .        h - +0 flail "Itief" {freeze, *Noise rN++ Str+5}
rCold   . . .        (no shield)
rNeg    + + .        a - +0 robe
rPois   .            (helmet restricted)
rElec   .            (no cloak)
rCorr   .            j - +0 pair of gloves
SInv    .            (no boots)
Will    .....        (no amulet)
Stlth   ++           m - ring of wizardry
HPRegen 0.27/turn    (no ring)
MPRegen 0.11/turn

%: wizardry (x1)
@: no status effects
A: horns 2, retaliatory headbutt
a: no special abilities


You were on level 1 of the Abyss.
You visited 1 branch of the dungeon, and saw 4 of its levels.
You visited the Abyss 1 time.

You collected 129 gold pieces.

Inventory:

Hand Weapons
 h - the +0 flail "Itief" (weapon) {freeze, *Noise rN++ Str+5}
   (You found it on level 4 of the Dungeon)

   Str+5:     It affects your strength (+5).
   rN++:      It greatly protects you from negative energy.
   *Noise:    It may make a loud noise when swung.
 q - a +1 short sword of protection
Armour
 a - a +0 robe (worn)
 j - a +0 pair of gloves (worn)
Jewellery
 d - the ring of Dinosuit {Fly Will+ Dex+4}
   (You acquired it on level 1 of the Abyss)

   [ring of flight]

   Dex+4:     It affects your dexterity (+4).
   Will+:     It increases your willpower.
   Fly:       It grants you flight.
 m - a ring of wizardry (left hand)
Wands
 o - a wand of quicksilver (10)
Scrolls
 l - a scroll of noise {unknown}
 n - a scroll of amnesia {unknown}
 p - a scroll of identify {unknown}
Potions
 b - a potion of magic
 c - 2 potions of curing {unknown}
 e - a potion of invisibility {unknown}
 g - a potion of mutation {unknown}
 i - 2 potions of brilliance {unknown}


   Skills:
 + Level 1.3 Fighting
 + Level 0.2 Short Blades
 + Level 2.6 Polearms
 + Level 3.4 Dodging
 + Level 2.5 Stealth
 + Level 0.8 Unarmed Combat
 + Level 2.2 Spellcasting
 + Level 3.8 Conjurations


You had 3 spell levels left.
You knew the following spells:

 Your Spells              Type           Power      Damage    Failure   Level
a - Magic Dart            Conj           60%        1d6       1%          1
b - Searing Ray           Conj           30%        2d5       2%          2
c - Call Canine Familiar  Summ           2%         N/A       22%         3

Your spell library contained the following spells:

 Spells                   Type           Power      Damage    Failure   Level
 Necrotise                Necr           4%         1d4       8%          1
 Sigil of Binding         Hex            1%         N/A       22%         3
 Vampiric Draining        Necr           1%         2d6       22%         3
 Fulminant Prism          Conj/Alch      4%         3d5       32%         4
 Iskenderun's Mystic Bla  Conj/Tloc      8%         2d4       32%         4
 Dimensional Bullseye     Hex/Tloc       0%         N/A       56%         4
 Martyr's Knell           Necr/Summ      2%         N/A       56%         4
 Curse of Agony           Necr           1%         N/A       88%         5


Dungeon Overview and Level Annotations

Branches:
Dungeon (4/15)
 Temple: D:4-7

Altars:

Shops:
D:2 !   D:4 *

Annotations:
D:4 Dowan, Duvessa


Innate Abilities, Weirdness & Mutations

You have a pair of horns on your head.
You reflexively headbutt those who attack you in melee.


Message History

You hit Dowan but do no damage.
Dowan is severely wounded.
The kobold hits you but does no damage. Dowan hits you with a +0 dagger.
You closely miss Dowan.
Dowan is severely wounded.
Dowan misses you.
The kobold hits you with a +0 short sword of holy wrath.
Duvessa hits you with a +1 rapier of distortion!
You are cast into the Abyss!
This branch contains the abyssal rune of Zot.
There is an empty arch of ancient stone here.
There is nothing on the other side of the stone arch.
There is nothing on the other side of the stone arch.
There is nothing on the other side of the stone arch.
A smoke demon coalesces out of pure chaos.
Found a corrupted altar of Lugonu.
A starcursed mass comes into view.
There is a corrupted altar of Lugonu here.
You kneel at the altar of Lugonu.
Okay, then.
A starcursed mass splits.
A starcursed mass splits.
A starcursed mass splits.
A chorus of shrieks assaults your mind.
A starcursed mass splits.
A starcursed mass is nearby!
This is a scroll of acquirement!
Something appears at your feet!
A starcursed mass splits.
d - the ring of Dinosuit {Fly Will+ Dex+4} A chorus of shrieks assaults your mind.
As you read the scroll labelled KAMUIG ENUBB, it crumbles to dust.
Your body is wracked with pain!
It was a scroll of torment.
The starcursed mass touches you.
* * * LOW HITPOINT WARNING * * *
The starcursed mass touches you.
* * * LOW HITPOINT WARNING * * *
As you read the scroll labelled WIVAAL DAECWE, it crumbles to dust.
You assume a fearsome visage.
The starcursed mass is unaffected. x4
It was a scroll of fear.
The starcursed mass touches you!
You die...

# ###### #......#
#. #...#X.# .#. ###
.###@##... .. #..
X.#XX#..# ....
...........X#..# .
.............# .
...............#
#.....#.....#..##
## ..###...###.# #
..#.....#.....#..##
# ... ......X.. ..


You could see 4 starcursed masses.

Vanquished Creatures
  A bombardier beetle (D:3)
  2 orc priests
  An iguana (D:3)
  An orc wizard (D:3)
  A scorpion zombie (D:3)
  5 adders
  An adder skeleton (D:3)
  2 dart slugs
  A ribbon worm (D:3)
  9 orcs
  9 ball pythons
  4 bats
  12 endoplasms
  2 giant cockroaches (D:3)
  3 goblins
  7 hobgoblins
  4 jackals (D:1)
  2 quokkas
  8 frilled lizards
  4 rats
79 creatures vanquished.

Vanquished Creatures (collateral kills)
  A hobgoblin (D:4)
1 creature vanquished.

Grand Total: 80 creatures vanquished

Notes
Turn   | Place    | Note
-------+----------+-------------------------------------------
     0 | D:1      | Tiocfaidh the Minotaur Conjurer began the quest for the
                  | Orb.
     0 | D:1      | Reached XP level 1. HP: 14/14 MP: 1/1
   206 | D:1      | Reached XP level 2. HP: 20/20 MP: 0/3
   678 | D:1      | Reached XP level 3. HP: 26/26 MP: 1/4
  1331 | D:2      | Reached XP level 4. HP: 33/33 MP: 3/5
  1675 | D:2      | Found Qiuwy's Distillery.
  1834 | D:3      | Learned a level 2 spell: Searing Ray
  2190 | D:3      | Reached skill level 1 in Polearms
  2190 | D:3      | Reached XP level 5. HP: 27/39 MP: 2/7
  2260 | D:3      | Reached skill level 1 in Fighting
  2895 | D:4      | Noticed Duvessa
  2895 | D:4      | Noticed Dowan
  3032 | D:4      | Found Riphi's Assorted Antiques.
  3137 | D:4      | Reached XP level 6. HP: 31/47 MP: 1/8
  3201 | D:4      | Identified the +0 flail "Itief" {freeze, *Noise rN++ Str+5}
  3252 | D:4      | Learned a level 3 spell: Call Canine Familiar
  3411 | Abyss:1  | Cast into level 1 of the Abyss (Duvessa)
  3451 | Abyss:1  | Noticed a smoke demon
  3461 | Abyss:1  | Found a corrupted altar of Lugonu.
  3468 | Abyss:1  | Noticed a starcursed mass
  3482 | Abyss:1  | Identified a scroll of acquirement
  3482 | Abyss:1  | Acquired the ring of Dinosuit {Fly Will+ Dex+4}
  3485 | Abyss:1  | Slain by a starcursed mass

Illustrated notes

Levels and vault maps discovered:
D:1:      psy_arrival_dodecagon, layout_basic
D:2:      layout_loops_ring, serial_shops, nicolae_lakefront_shop
D:3:      layout_loops_corners, serial_undead, serial_undead_e, serial_undead_c,
          serial_undead_a, serial_undead_e
D:4:      layout_gridville, serial_shops, nicolae_stop_n_shop_2,
          minmay_quadrilaterals, uniq_duvessa
Abyss:1:  base: D:2, gammafunk_corrupted_shrine, minivault_27

Skill      XL: |  1  2  3  4  5 |
---------------+----------------+-----
Conjurations   | 3 |  3.8
Dodging        | 3 |  3.4
Stealth        | 2 |  2.5
Spellcasting   | 2 |  2.2
Polearms       | 1 2 |  2.6
Fighting       | 1 |  1.3
Short Blades   | |  0.2
Unarmed Combat | |  0.8

Action                     |  1- 3 |  4- 6 || total
---------------------------+-------+-------++-------
  Melee: Unarmed           |    12 |       ||    12
         Headbutt          |     8 |    16 ||    24
         Dagger            |     7 |       ||     7
         Spear             |    37 |    67 ||   104
         Punch             |     1 |       ||     1
         Short sword       |       |    19 ||    19
         Flail             |       |     9 ||     9
   Cast: Magic Dart        |    44 |    36 ||    80
         Searing Ray       |       |     3 ||     3
         Call Canine Famil |       |     2 ||     2
    Use: Scroll            |       |     3 ||     3
   Stab: Sleeping          |     1 |     2 ||     3
 Armour: Robe              |    35 |    69 ||   104
  Dodge: Dodged            |    46 |    54 ||   100
